 Dungeon Crawl Stone Soup version 0.32-a0-361-g289a535e89 (webtiles) character file.

Game seed: 4594710024736482105

649 eruonna the Slasher (level 7, -3/60 HPs)
             Began as a Barachi Fighter on Feb 19, 2024.
             Was an Initiate of Trog.
             Slain by a crocodile zombie (10 damage)
             ... in an ossuary.
             The game lasted 00:15:47 (2888 turns).

eruonna the Slasher (Barachi Fighter)               Turns: 2888, Time: 00:15:47

Health: -3/60      AC: 11    Str: 20    XL:     7   Next: 53%
Magic:  7/7        EV:  7    Int:  8    God:    Trog [......]
Gold:   242        SH:  4    Dex: 11    Spells: 6/6 levels left

rFire   . . .        a - +1 long sword (venom)
rCold   . . .        c - +0 buckler
rNeg    . . .        j - +0 chain mail
rPois   .            (no helmet)
rElec   .            (no cloak)
rCorr   .            (no gloves)
SInv    .            e - +1 pair of boots
Will    .....        (no amulet) Stlth
                     (no ring)
HPRegen 0.30/turn    (no ring)
MPRegen 0.10/turn

%: no passive effects
@: mighty, slow
A: amphibious, slowness 1, strong legs 1, +LOS
a: Hop, Renounce Religion


You were in an ossuary.
You worshipped Trog.
Trog was noncommittal.
You visited 1 branch of the dungeon, and saw 4 of its levels.
You also visited: Sewer and Ossuary.

You collected 242 gold pieces.

Inventory:

Hand Weapons
 a - a +1 long sword of venom (weapon)
Missiles
 h - 30 stones
Armour
 b - a +0 scale mail
 c - a +0 buckler (worn)
 e - a +1 pair of boots (worn)
 j - a +0 chain mail (worn)
Talismans
 f - a granite talisman
Scrolls
 l - a scroll of brand weapon
 m - a scroll of enchant armour
 n - a scroll of fear {unknown}
 o - 3 scrolls of teleportation
 p - a scroll of amnesia {unknown}
 q - a scroll of poison {unknown}
 t - a scroll of immolation {unknown}
Potions
 g - 2 potions of curing {unknown}
 i - 4 potions of heal wounds {unknown}
 k - 3 potions of degeneration
 r - 2 potions of enlightenment
 s - a potion of berserk rage {unknown}


   Skills:
 + Level 7.0 Fighting
 - Level 7.8 Long Blades
 - Level 3.6 Armour
 - Level 3.2 Shields


You had 6 spell levels left.
You didn't know any spells.
Your spell library was empty.

Dungeon Overview and Level Annotations

Branches:
Dungeon (4/15)              Sewer (visited)         Ossuary (1/1)
 Temple: D:4-7

Altars:
Trog


Innate Abilities, Weirdness & Mutations

You are amphibious.
You cover ground slowly.
You can hop short distances.
You have an extended range of vision and can be seen from far away.


Message History

You destroy the human zombie!
Trog accepts your kill.
The centaur zombie hits you but does no damage.
The centaur zombie kicks you but does no damage.
You barely miss the centaur zombie. The centaur zombie closely misses you.
The centaur zombie kicks you but does no damage.
You slash the centaur zombie!
The centaur zombie is moderately damaged.
You block the centaur zombie's attack.
The centaur zombie kicks you but does no damage.
You slash the centaur zombie!
The centaur zombie is severely damaged.
The centaur zombie hits you but does no damage.
The centaur zombie kicks you but does no damage.
You block the centaur zombie's attack.
The centaur zombie kicks you but does no damage.
You slash the centaur zombie!
The centaur zombie is almost destroyed.
The centaur zombie hits you but does no damage.
The centaur zombie barely misses you.
You hit the centaur zombie.
You destroy the centaur zombie!
Trog accepts your kill.
Your Fighting skill increases to level 7!
You slash the crocodile zombie!
The crocodile zombie is heavily damaged.
The crocodile zombie bites you.
* * * LOW HITPOINT WARNING * * *
The crocodile zombie drags you backwards!
You slash the crocodile zombie!
The crocodile zombie is severely damaged.
You barely miss the crocodile zombie.
The crocodile zombie is severely damaged.
The crocodile zombie bites you!
* * * LOW HITPOINT WARNING * * *
The crocodile zombie drags you backwards!
You barely miss the crocodile zombie.
The crocodile zombie is severely damaged.
The crocodile zombie bites you!
You die...

#?.... #.......#
##!!...###...∩...##
#!!!!...'...∩∩∩...+
##??...###...∩...##
#?.... #.......#
##...# ##.....##
#### ###.### #'#
#@# #..Z..#
#.......# #.......#
#.......# ##.....##
###.### ###


You could see a crocodile zombie.

Vanquished Creatures
  An elf zombie (Ossuary)
  A brain worm (Sewer)
  4 centaur zombies (Ossuary)
  A human skeleton (D:4)
  2 human zombies (Ossuary)
  A jelly (D:4)
  2 mummies (Ossuary)
  3 river rats
  5 adders
  A ribbon worm (Sewer)
  5 dart slugs
  An orc (D:4)
  5 ball pythons
  10 endoplasms
  4 giant cockroaches
  7 goblins
  6 hobgoblins
  3 jackals (Sewer)
  7 kobolds
  4 quokkas
  10 bats
  6 frilled lizards
  An orc skeleton (D:4)
  14 rats
104 creatures vanquished.

Notes
Turn   | Place    | Note
-------+----------+-------------------------------------------
     0 | D:1      | eruonna the Barachi Fighter began the quest for the Orb.
     0 | D:1      | Reached XP level 1. HP: 18/18 MP: 1/1
   109 | D:1      | Reached XP level 2. HP: 24/24 MP: 2/2
   190 | D:1      | Reached XP level 3. HP: 29/29 MP: 3/3
   749 | D:2      | Reached skill level 5 in Long Blades
   768 | D:2      | Reached XP level 4. HP: 36/36 MP: 4/4
  1624 | D:3      | Reached XP level 5. HP: 39/41 MP: 5/5
  1664 | D:3      | Found a glowing drain.
  1690 | Sewer    | Entered a sewer
  2157 | Sewer    | Reached XP level 6. HP: 47/47 MP: 6/6
  2504 | D:3      | Found a bloodstained altar of Trog.
  2508 | D:3      | Became a worshipper of Trog the Wrathful
  2680 | D:4      | Found a sand-covered staircase.
  2685 | Ossuary  | Entered an ossuary
  2703 | Ossuary  | Reached skill level 5 in Fighting
  2716 | Ossuary  | Reached XP level 7. HP: 41/56 MP: 7/7
  2888 | Ossuary  | Slain by a crocodile zombie

Illustrated notes

Levels and vault maps discovered:
D:1:      minmay_arrival_solitary_statue, layout_rooms, serial_forest,
          infiniplex_forest_clump_long, infiniplex_forest_lined_corner,
          infiniplex_forest_clump_cross, infiniplex_forest_side_room,
          infiniplex_forest_lined_corner, infiniplex_forest_clump_medium,
          infiniplex_forest_lined_1
D:2:      layout_loops_corners, grunt_ministairs_2
D:3:      layout_rooms, mainiacjoe_overflow_alcove_1, portal_sewer_entry_c
D:4:      layout_cave_pools, mainiacjoe_overflow_brackets,
          nicolae_ossuary_entry_catacombs, grunt_ministairs_3, corner_web_ring,
          nicolae_shop_i_like_small_books_too
Ossuary:  ossuary_minmay_four_chambers

Skill      XL: |  1  2  3  4  5  6  7 |
---------------+----------------------+-----
Long Blades    | 3 4 5 6 7 |  7.8
Fighting       | 5 7 |  7.0
Armour         | |  3.6
Shields        | |  3.2

Action                     |  1- 3 |  4- 6 |  7- 9 || total
---------------------------+-------+-------+-------++-------
  Melee: Long sword        |    69 |   210 |    61 ||   340
  Throw: Stone             |       |     2 |       ||     2
    Use: Scroll            |     2 |     4 |       ||     6
         Potion            |       |       |     1 ||     1
 Armour: Scale mail        |    34 |     4 |       ||    38
         Chain mail        |       |   135 |    40 ||   175
  Dodge: Dodged            |    18 |    68 |    11 ||    97
  Block: Buckler           |    12 |    41 |    11 ||    64

Table legend: (Time is in decaauts)
 A = Elapsed time spent in this place.
 B = Non-inter-level travel time spent in this place.
 C = Inter-level travel time spent in this place.
 D = Time resting spent in this place.
 E = Time spent auto-exploring this place.
 F = Levels seen in this place.
 G = Mean time per level.
                   A        B        C        D        E       F      G
               +--------+--------+--------+--------+--------+-----+--------+
         Total |   3339 |   3200 |    139 |     91 |   2001 |   6 |  556.5 |
       Dungeon |   2484 |   2345 |    139 |     15 |   1621 |   4 |  621.0 |
         Sewer |    641 |    641 |      0 |      0 |    380 |   1 |  641.0 |
       Ossuary |    213 |    213 |      0 |     76 |      0 |   1 |  213.0 |
               +--------+--------+--------+--------+--------+-----+--------+

Top non-repeatable levels by time:
     D:2: 1117 daAuts
     D:1: 772 daAuts
   Sewer: 641 daAuts
     D:3: 504 daAuts
 Ossuary: 213 daAuts
     D:4: 91 daAuts
